 Dungeon Crawl Stone Soup version 0.31.0-32-g396128a36d (webtiles) character file.

Game seed: 3025520950384412019

3650 Druska the Basher (level 9, -4/126 HPs)
             Began as a Minotaur Monk on Mar 16, 2024.
             Was a Priest of Qazlal.
             Slain by a killer bee (6 damage)
             ... on level 8 of the Dungeon.
             The game lasted 00:14:53 (5882 turns).

Druska the Basher (Minotaur Monk)                   Turns: 5882, Time: 00:14:55

Health: -4/126     AC: 24    Str: 21    XL:     9   Next: 88%
Magic:  12/14      EV:  2    Int:  7    God:    Qazlal [***...]
Gold:   338        SH:  4    Dex: 12    Spells: 8/8 levels left

rFire   + . .        f - +1 whip (elec)
rCold   . . .        d - orb {light}
rNeg    . . .        u - melded +7 Kryia's mail coat {PotionHeal*2 rC+}
rPois   +            (helmet currently unavailable)
rElec   .            t - melded +0 cloak
rCorr   .            (gloves currently unavailable)
SInv    .            (boots currently unavailable)
Will    .....        (no amulet)
Stlth   +            j - ring of protection from fire
HPRegen 0.41/turn    (no ring)
MPRegen 0.14/turn

%: no passive effects
@: mighty, tree-form, glowing
A: stationary, stasis, torment immunity, boosted hp, (horns 2), (retaliatory
headbutt)
a: Renounce Religion, Upheaval, Elemental Force


You were on level 8 of the Dungeon.
You worshipped Qazlal.
Qazlal was most pleased with you.
You were a tree.
You visited 2 branches of the dungeon, and saw 9 of its levels.

You collected 338 gold pieces.

Inventory:

Hand Weapons
 f - a +1 whip of electrocution (weapon)
 m - a +0 war axe
Missiles
 A - a curare-tipped dart (quivered)
Armour
 d - an orb of light (worn)
 t - a +0 cloak (melded)
 u - the +7 Kryia's mail coat (melded) {PotionHeal*2 rC+}
   (You took it off a gnoll on level 5 of the Dungeon)

   PotionHeal*2: Potions heal its wearer twice as much.
   rC+:       It protects you from cold.
Jewellery
 j - a ring of protection from fire (left branch)
Wands
 a - a wand of mindburst (4)
 v - a wand of polymorph (8)
 C - a wand of iceblast (4)
Scrolls
 e - a scroll of poison
 g - a scroll of enchant weapon
 h - a scroll of brand weapon {unknown}
 i - 2 scrolls of fog
 k - a scroll of immolation {unknown}
 l - a scroll of enchant armour {unknown}
 n - a scroll of blinking
 o - 3 scrolls of revelation
 s - a scroll of acquirement {unknown}
 y - a scroll of fear {unknown}
 z - a scroll of noise {unknown}
 B - a scroll of amnesia
Potions
 b - 3 potions of enlightenment
 q - 2 potions of resistance
 w - a potion of magic {unknown}
 x - a potion of might


   Skills:
 + Level 9.6 Fighting
 - Level 4.0(7.3) Axes
 - Level 9.6(10.0) Maces & Flails
 - Level 2.0 Armour
 - Level 4.0 Dodging
 - Level 8.0 Invocations
 + Level 2.2 Evocations


You had 8 spell levels left.
You didn't know any spells.
Your spell library contained the following spells:

 Spells                   Type           Power      Damage    Failure   Level
 Freeze                   Ice            0%         1d3       43%         1
 Kiss of Death            Conj/Necr      0%         2d5       43%         1
 Confusing Touch          Hex            0%         N/A       80%         3
 Frozen Ramparts          Ice            0%         1d1       80%         3
 Hailstorm                Conj/Ice       0%         3d5       80%         3
 Dispel Undead            Necr           0%         3d6       99%         4


Dungeon Overview and Level Annotations

Branches:
Dungeon (8/15)             Temple (1/1) D:5            Lair (0/5) D:8

Altars:
Cheibriados
Dithmenos
Elyvilon
Fedhas
Hepliaklqana
Kikubaaqudgha
Makhleb
Qazlal
Ru
Uskayaw
Vehumet
Wu Jian
Xom
Yredelemnul
Zin
The Shining One

Shops:
D:5 [   D:7 (


Innate Abilities, Weirdness & Mutations

You are a tree.
Your roots penetrate the ground, keeping you stationary.
You cannot be teleported.
You are immune to unholy pain and torment.
Your maximum health is greatly increased.
Your equipment is partially melded.
((You have a pair of horns on your head.))
((You reflexively headbutt those who attack you in melee.))


Message History

The killer bee stings you.
* * * LOW HITPOINT WARNING * * *
You hit the killer bee but do no damage.
The killer bee is heavily wounded.
You feel sick.
The killer bee stings you but does no damage. x2
You closely miss the killer bee.
The killer bee is heavily wounded.
The killer bee stings you.
* * * LOW HITPOINT WARNING * * *
You are more poisoned.
The killer bee poisons you!
The killer bee stings you but does no damage. x3
You closely miss the killer bee.
The killer bee is heavily wounded.
You feel sick. The killer bee completely misses you.
The killer bee barely misses you.
You barely miss the killer bee.
The killer bee is heavily wounded.
You feel sick.
The killer bee stings you but does no damage. x2
You hit the killer bee.
The killer bee is heavily wounded.
You feel sick.
The killer bee stings you but does no damage.
The killer bee stings you.
* * * LOW HITPOINT WARNING * * *
It was a potion of curing.
You feel better.
The killer bee stings you but does no damage. x2
The killer bee stings you.
* * * LOW HITPOINT WARNING * * *
The killer bee stings you!
* * * LOW HITPOINT WARNING * * *
It was a potion of might.
You feel very mighty all of a sudden.
The killer bee stings you but does no damage. x2
The killer bee stings you.
* * * LOW HITPOINT WARNING * * *
The killer bee stings you.
You die...

.......####..>.# .
........)......# ...
........)).....# #...
.##....))#)..#.##....
.......y)#.....!.....
...##..yy#..)).........
.. #....#.##.)##.......
#....#.#y..#.........
#....#..♣####........
.......#y####........
##.........#.......(..
.....................
......)).(...........
##....)..............
......)........##...
............#.<##
........#..##...# .


You could see 2 killer bees.

Vanquished Creatures
  A two-headed ogre (D:8)
  A sea snake (D:6)
  2 water moccasins
  A sky beast (D:8)
  A black bear (D:4)
  An ice beast (D:7)
  An ogre (D:7)
  A centaur (D:7)
  2 phantoms
  2 kobold brigands
  4 bullfrogs
  5 scorpions
  4 killer bees (D:8)
  3 howler monkeys
  A crimson imp (D:6)
  4 hounds
  A jelly (D:6)
  Crazy Yiuf (D:4)
  A gnoll bouda (D:8)
  A sleepcap (D:6)
  Jessica (D:2)
  3 iguanas
  3 orc wizards
  6 gnolls
  10 adders
  A shadow imp (D:7)
  3 white imps
  3 dart slugs
  4 ribbon worms
  20 orcs
  6 ball pythons
  4 bats
  10 endoplasms
  5 giant cockroaches
  8 goblins
  3 hobgoblins
  11 jackals
  5 quokkas
  5 frilled lizards
  12 kobolds
  7 rats
168 creatures vanquished.

Notes
Turn   | Place    | Note
-------+----------+-------------------------------------------
     0 | D:1      | Druska the Minotaur Monk began the quest for the Orb.
     0 | D:1      | Reached XP level 1. HP: 19/19 MP: 0/0
   249 | D:1      | Reached XP level 2. HP: 27/27 MP: 1/1
   720 | D:1      | Reached skill level 1 in Armour
   720 | D:1      | Reached XP level 3. HP: 33/33 MP: 2/2
  1217 | D:2      | Noticed Jessica
  1221 | D:2      | Killed Jessica
  1222 | D:2      | Reached XP level 4. HP: 40/40 MP: 3/3
  1252 | D:2      | Found a faded altar of an unknown god.
  2532 | D:4      | Reached XP level 5. HP: 46/46 MP: 4/4
  2631 | D:4      | Reached skill level 5 in Fighting
  2769 | D:4      | Noticed a black bear
  2784 | D:4      | Killed a black bear
  2785 | D:4      | Reached XP level 6. HP: 49/57 MP: 5/5
  3137 | D:4      | Found a runed translucent door.
  3138 | D:4      | Noticed Crazy Yiuf
  3263 | D:4      | Killed Crazy Yiuf
  3352 | D:4      | Reached XP level 7. HP: 66/66 MP: 6/6
  3504 | D:5      | Entered Level 5 of the Dungeon
  3602 | D:5      | Found a staircase to the Ecumenical Temple.
  3611 | Temple   | Entered the Ecumenical Temple
  3669 | Temple   | Became a worshipper of Qazlal Stormbringer
  3669 | Temple   | Reached * piety under Qazlal
  3669 | Temple   | Reached ** piety under Qazlal
  3679 | D:5      | Found Pyfaasof's Armour Emporium.
  3683 | D:5      | Reached skill level 1 in Invocations
  3991 | D:6      | Found a burning altar of Makhleb.
  4065 | D:6      | Reached XP level 8. HP: 68/78 MP: 9/9
  4106 | D:6      | Found an ornate altar of the Wu Jian Council.
  4363 | D:6      | Noticed a two-headed ogre
  4366 | D:6      | a two-headed ogre changed into a sea snake
  4366 | D:6      | Noticed a sea snake
  4371 | D:6      | Killed a sea snake
  4836 | D:6      | Found a glowing golden altar of the Shining One.
  5004 | D:7      | Found the +7 Throatcutter {drain, coup de grace}
  5010 | D:7      | Reached XP level 9. HP: 75/83 MP: 14/14
  5015 | D:7      | Reached skill level 5 in Maces & Flails
  5446 | D:7      | Found Osotyafay's Antique Weapon Boutique.
  5469 | D:7      | Found an ancient bone altar of Kikubaaqudgha.
  5469 | D:7      | Found a shadowy altar of Dithmenos.
  5642 | D:8      | Noticed a two-headed ogre
  5653 | D:8      | Killed a two-headed ogre
  5744 | D:8      | Reached *** piety under Qazlal
  5776 | D:8      | Reached skill level 1 in Evocations
  5776 | D:8      | Found a staircase to the Lair.
  5882 | D:8      | HP: 2/126 [killer bee (6)]
  5882 | D:8      | Slain by a killer bee

Illustrated notes

Levels and vault maps discovered:
D:1:      wander_arrival_desolate, layout_loops_corners, serial_bayou_pond_c,
          minmay_misc_feat_more_columns, st_stairs_13, roderic_lattice_a,
          minmay_three_crescents
D:2:      layout_basic, ebering_ecumenical_altar_rust, minmay_misc_feat_tower,
          uniq_jessica
D:3:      layout_loops_ring
D:4:      layout_gridville, hangedman_minor_gate_pass, uniq_crazy_yiuf_cottage
D:5:      layout_rooms, minmay_temple_entry_statues_pillars, serial_shops,
          nicolae_shop_competitors_out_of_business
D:6:      layout_gridville, kennysheep_mini, makhleb_grotto_becter,
          kennysheep_mini_moat
D:7:      layout_basic, mainiacjoe_overflow_large_starburst, serial_shops,
          nicolae_lakefront_shop
D:8:      layout_cave_pools, mainiacjoe_overflow_24_doors,
          lightli_temple_of_fire, lair_entry_dummy
Temple:   hellmonk_temple_of_storms

Skill      XL: |  1  2  3  4  5  6  7  8  9 |
---------------+----------------------------+-----
Fighting       | 4 6 7 9 |  9.6
Axes           | 4 |  4.0
Dodging        | 4 |  4.0
Armour         | 1 2 |  2.0
Maces & Flails | 2 3 4 9 |  9.6
Invocations    | 3 8 |  8.0
Evocations     | 2 |  2.2

Action                     |  1- 3 |  4- 6 |  7- 9 || total
---------------------------+-------+-------+-------++-------
  Melee: Hand axe          |    53 |       |       ||    53
         Headbutt          |    12 |    27 |    54 ||    93
         Whip              |    18 |   107 |   196 ||   321
 Invoke: Upheaval          |       |       |     1 ||     1
  Evoke: Wand              |       |       |     3 ||     3
    Use: Scroll            |       |     6 |     4 ||    10
         Potion            |       |       |     4 ||     4
 Armour: Robe              |     2 |       |       ||     2
         Leather armour    |    15 |       |       ||    15
         Chain mail        |     3 |    58 |     6 ||    67
         Ring mail         |     2 |       |       ||     2
         Scale mail        |       |       |   116 ||   116
         Skin              |       |       |    48 ||    48
  Dodge: Dodged            |    35 |    38 |   101 ||   174
